 Dungeon Crawl Stone Soup version 0.26.1-11-gd32895ea62 (webtiles) character file.

Game seed: 781186033250680280

680 Zeld the Cudgeller (level 7, -1/59 HPs)
             Began as a Red Draconian Gladiator on June 11, 2021.
             Was an Initiate of Qazlal.
             Succumbed to a gnoll sergeant zombie's poison
             ... on level 5 of the Dungeon on June 12, 2021.
             The game lasted 00:13:34 (7169 turns).

Zeld the Cudgeller (Red Draconian Gladiator)        Turns: 7169, Time: 00:13:35

Health: -1/59      AC:  7    Str: 18    XL:     7   Next: 34%
Magic:  7/7        EV: 14    Int:  8    God:    Qazlal [......]
Gold:   354        SH:  0    Dex: 13    Spells: 6/6 levels left

rFire    + . .     SeeInvis .   a - +0 flail
rCold    . . .     Faith    .   (no shield)
rNeg     . . .     Spirit   .   (armour unavailable)
rPois    .         Reflect  .   b - +0 hat
rElec    .         Harm     .   q - +0 cloak
rCorr    .         Rampage  .   (no gloves)
Will     .....                  (no boots)
Stlth    +.........             (no amulet)
HPRegen  0.19/turn              (no ring)
MPRegen  0.10/turn              (no ring)

@: lethally poisoned (-1 -> -26), short of breath
A: breathe fire, unfitting armour, fire resistance 1, cold-blooded, AC +6
a: Breathe Fire, Renounce Religion


You were on level 5 of the Dungeon.
You worshipped Qazlal.
Qazlal was noncommittal.
You visited 1 branch of the dungeon, and saw 5 of its levels.

You collected 354 gold pieces.

Inventory:

Hand Weapons
 a - a +0 flail (weapon)
Missiles
 e - 177 stones (quivered)
 r - 3 javelins
Armour
 b - a +0 hat (worn)
 q - a +0 cloak (worn)
Jewellery
 d - a +6 ring of intelligence {unknown}
Wands
 t - a wand of digging (1)
Scrolls
 f - 3 scrolls of fear {unknown}
 i - 2 scrolls of random uselessness {unknown}
 j - 3 scrolls of remove curse {unknown}
 k - a scroll of noise {unknown}
 l - 2 scrolls of fog {unknown}
 m - 3 scrolls of identify {unknown}
 o - 2 scrolls of teleportation {unknown}
 p - a scroll of amnesia {unknown}
 u - 4 scrolls of blinking {unknown}
 v - a scroll of immolation {unknown}
Potions
 c - a potion of resistance
 g - a potion of haste
 h - a potion of berserk rage {unknown}
 n - a potion of magic
 s - a potion of invisibility {unknown}
 w - a potion of heal wounds {unknown}


   Skills:
 + Level 4.2 Fighting
 * Level 5.5 Maces & Flails
 * Level 4.5 Throwing
 + Level 3.9 Dodging


You had 6 spell levels left.
You didn't know any spells.
Your spell library was empty.

Dungeon Overview and Level Annotations

Branches:
Dungeon (5/15)
 Temple: D:4-7

Altars:
Qazlal
Zin

Annotations:
D:5 1 transporter


Innate Abilities, Weirdness & Mutations

You can breathe blasts of fire.
Your fiery red scales are hard. (AC +6)
You cannot fit into any form of body armour.
Your flesh is heat resistant. (rF+)
You are cold-blooded and may be slowed by cold attacks.


Message History

The orc warrior zombie hits you but does no damage.
You are more poisoned.
The gnoll sergeant zombie hits you from afar with a +0 trident of venom.
* * * LOW HITPOINT WARNING * * *
You are more poisoned.
* * * LOW HITPOINT WARNING * * *
You feel very sick.
Unknown command.
Okay, then.
* * * LOW HITPOINT WARNING * * *
You feel sick.
Press: ? - help, Shift-Dir - straight line You breathe a blast of fire.
The fiery breath hits the gnoll sergeant zombie!
The gnoll sergeant zombie is moderately damaged.
* * * LOW HITPOINT WARNING * * *
You feel very sick.
The gnoll sergeant zombie closely misses you.
Unknown command.
You die...

## #.# #.##.##########.## #
#.###########°°.○°# #<.. #
#....#°○○☼○☼#○☼.○○#####. #
#....#○○☼○○○#.○○°○#.....
###########...#○○#.#.°○°.$?#..#.<
........# #..©#☼☼©...○○☼.$©#©....
.######.# #...#°Z#.#.☼°○.$$#.....
.# #.# #..##Z○○☼°○#○.○.○#...#. .#
#.###..##○@.○○○#○.°☼.##.#.. .#
#..[....########°°°..##)##. .#
#####..........########).<. .#
##.........######.#.... .#
#..##.###.....##...... .## ###
#..##)###.###.####....
..###.######..###...## #.........
#....#........# ##.## ######.##.
..###.#######.####.# #.##.


You could see a gnoll sergeant zombie and an orc warrior zombie.

Vanquished Creatures
  3 ogres
  A jelly (D:5)
  A hound (D:4)
  A centaur skeleton (D:4)
  Jessica (D:2)
  An iguana (D:5)
  3 orc wizards
  A worker ant (D:4)
  Robin (D:4)
  6 adders
  An ooze (D:1)
  An adder skeleton (D:4)
  3 worms
  A dart slug (D:2)
  A leopard gecko (D:5)
  5 orcs
  4 giant cockroaches
  11 goblins
  13 hobgoblins
  23 jackals
  A ball python (D:2)
  9 bats
  4 frilled lizards
  6 kobolds
  7 rats
109 creatures vanquished.

Notes
Turn   | Place    | Note
-------+----------+-------------------------------------------
     0 | D:1      | Zeld the Draconian Gladiator began the quest for the Orb.
     0 | D:1      | Reached XP level 1. HP: 17/17 MP: 1/1
   304 | D:1      | Reached XP level 2. HP: 25/25 MP: 2/2
  1151 | D:2      | You fall into a shaft and drop 2 floors!
  1185 | D:4      | Reached XP level 3. HP: 18/30 MP: 3/3
  1734 | D:2      | Reached XP level 4. HP: 37/37 MP: 4/4
  2102 | D:2      | Noticed Jessica
  2119 | D:2      | Killed Jessica
  2164 | D:2      | Reached skill level 4 in Maces & Flails
  2799 | D:2      | Reached XP level 5. HP: 45/45 MP: 5/5
  4816 | D:4      | Found a glowing silver altar of Zin.
  4974 | D:4      | Noticed an ogre
  4982 | D:4      | Killed an ogre
  4983 | D:4      | Reached XP level 6. HP: 51/51 MP: 6/6
  5278 | D:4      | Reached skill level 5 in Maces & Flails
  5377 | D:4      | Noticed Robin
  5389 | D:4      | Killed Robin
  6139 | D:5      | Entered Level 5 of the Dungeon
  6229 | D:5      | Found a transporter.
  6268 | D:5      | Found a transporter.
  6600 | D:4      | Your scales start taking on a fiery red colour.
  6600 | D:4      | Reached XP level 7. HP: 53/59 MP: 7/7
  6600 | D:4      | Gained mutation: Your flesh is heat resistant. (rF+) [Red
                  | Draconian growth]
  6688 | D:5      | Found a stormy altar of Qazlal.
  6708 | D:5      | Became a worshipper of Qazlal Stormbringer
  7168 | D:5      | HP: 1/59 [poisoned by a gnoll sergeant zombie]
  7169 | D:5      | Succumbed to a gnoll sergeant zombie's poison

Illustrated notes

Levels and vault maps discovered:
D:1:      amcnicky_arrival_double_pillar, layout_rooms
D:2:      layout_basic, uniq_jessica
D:3:      layout_loops_ring, kennysheep_small_spiral
D:4:      layout_loops_corners, zin_scriptorium, uniq_robin
D:5:      gammafunk_cloud_chamber, layout_loops_ring, basic_altar

Skill      XL: |  1  2  3  4  5  6 |
---------------+-------------------+-----
Throwing       | 2 3 4 |  4.5
Dodging        | 3 |  3.9
Fighting       | 3 4 |  4.2
Maces & Flails | 4 5 |  5.5

Action                   |  1- 3 |  4- 6 |  7- 9 || total
-------------------------+-------+-------+-------++-------
Melee: Flail             |    69 |   238 |    17 ||   324
       Tailslap          |     8 |    22 |     4 ||    34
Throw: Stone             |    51 |   128 |       ||   179
       Throwing net      |       |     2 |     1 ||     3
 Abil: Breathe Fire      |       |       |     4 ||     4
Evoke: Wand              |       |     1 |       ||     1
  Use: Potion            |       |       |     1 ||     1
 Stab: Held in net/web   |       |     2 |     1 ||     3
Armor: Skin              |    18 |    99 |     3 ||   120
Dodge: Dodged            |    58 |   226 |     9 ||   293
